 Dungeon Sprint DCSS version 0.14-a0-2618-g5301534 (webtiles) character file.

8865 BluebellGnoll the Eclecticist (level 10, -4/50 HPs)
             Began as a Deep Elf Summoner on Feb 14, 2014.
             Was the Champion of Sif Muna.
             Hit by a large rock thrown by a stone giant (18 damage)
             ... in the Dungeon (Sprint IX: "|||||||||||||||||||||||||||||").
             The game lasted 01:29:18 (5333 turns).

BluebellGnoll the Eclecticist (Deep Elf Summoner)   Turns: 5333, Time: 01:29:19

HP  -4/50        AC 17     Str  5      XL: 10   Next: 95%
MP  37/37        EV 15     Int 17 (27) God: Sif Muna [******]
Gold 1353        SH  0     Dex 15      Spells: 11 memorised,  9 levels left

rFire  + . .     SeeInvis .     u - +4,+2 halberd (protect)
rCold  . . .     Clarity  .     M - +3 leather armour {rF+}
rNeg   . . .     Conserve .     (no shield)
rPois  .         rCorr    .     z - +0 helmet
rElec  .         rRot     .     r - +0 dwarf cloak
SustAb . .       Spirit   .     a - +1 pair of gloves
rMut   .         Warding  .     (no boots)
Saprov . . .     NoTele   +     (no amulet)
MR     +....                    q - +2 ring of protection
                                p - +3 ring of intelligence

@: somewhat resistant to hostile enchantments, quite stealthy
A: no striking features
a: Channel Energy, Forget Spell, Renounce Religion


You were in the Dungeon.
You worshipped Sif Muna.
Sif Muna was exalted by your worship.
You were hungry.

You visited 1 branch You collected 1927 gold pieces.
You spent 574 gold pieces at shops.

Inventory:

Hand weapons
 u - a +4,+2 halberd of protection (weapon)
 F - a +8 blowgun
 G - a +0,+0 short sword of draining
 L - a +3,+3 dagger of chaos
 S - a +4,+4 long sword of holy wrath
Missiles
 b - 4 curare-tipped needles
Armour
 a - a +1 pair of gloves (worn)
 r - a +0 dwarven cloak (worn)
 z - a +0 helmet (worn)
 M - a +3 leather armour of fire resistance (worn)
Magical devices
 o - a wand of fire (6)
 N - a wand of teleportation (4) {unknown}
Comestibles
 h - 2 bread rations
Scrolls
 i - a scroll of blinking
 k - 2 scrolls of enchant weapon II
 m - 3 scrolls of remove curse
 n - 2 scrolls of amnesia
 s - 2 scrolls of enchant weapon I
 B - 2 scrolls of fear
 I - a scroll of fog
 K - 2 scrolls of identify
Jewellery
 p - a +3 ring of intelligence (left hand)
 q - a +2 ring of protection (right hand)
 O - an uncursed ring of protection from cold
 P - an uncursed ring of protection from fire
 Q - an uncursed ring of protection from cold
 R - an uncursed ring of sustenance
Potions
 d - 4 potions of curing
 e - 4 potions of heal wounds
 f - 2 potions of speed
 g - 2 potions of magic
 j - 2 potions of might
 l - a potion of invisibility
 t - 2 potions of resistance
 w - a potion of lignification
Books
 c - Sif Muna's Advanced Thaumaturgy
   (Sif Muna gifted it to you in the Dungeon)

   Spells                             Type                      Level
   Haste                              Charms                       6
   Conjure Ball Lightning             Conjuration/Air              6
   Iron Shot                          Conjuration/Earth            6
   Poisonous Cloud                    Conjuration/Poison/Air       6
   Simulacrum                         Ice/Necromancy               6
   Statue Form                        Transmutation/Earth          6
 v - Sif Muna's Collected Works on Summoning
   (Sif Muna gifted it to you in the Dungeon)

   Spells                             Type                      Level
   Summon Demon                       Summoning                    5
   *Demonic Horde                     Summoning                    6
   Malign Gateway                     Summoning/Translocation      7
 x - Sif Muna's Papyrus of Summoning
   (Sif Muna gifted it to you in the Dungeon)

   Spells                             Type                      Level
   *Call Canine Familiar              Summoning                    3
   Shadow Creatures                   Summoning                    5
   *Demonic Horde                     Summoning                    6
   Mass Abjuration                    Summoning                    6
 y - Coafijely's Almanac of the Creative Volcanoes
   (Sif Muna gifted it to you in the Dungeon)

   Spells                             Type                      Level
   Fire Brand                         Charms/Fire                  2
   *Abjuration                        Summoning                    3
   Delayed Fireball                   Conjuration/Fire             7
   *Summon Horrible Things            Summoning                    8
 A - Lunwedaf's Catalogue of Scorching Arcane Weapons
   (Sif Muna gifted it to you in the Dungeon)

   Spells                             Type                      Level
   *Throw Flame                       Conjuration/Fire             2
   *Conjure Flame                     Conjuration/Fire             3
   *Sticky Flame                      Conjuration/Fire             4
 H - Sif Muna's Guide on Companions
   (Sif Muna gifted it to you in the Dungeon)

   Spells                             Type                      Level
   Summon Elemental                   Summoning                    4
   *Summon Scorpions                  Summoning/Poison             4
   Mass Abjuration                    Summoning                    6
   Summon Ugly Thing                  Summoning                    6


   Skills:
 - Level 9.9 Dodging
 - Level 6.2 Stealth
 * Level 20.2 Spellcasting
 + Level 18.4 Summonings
 * Level 6.0 Fire Magic


You had 9 spell levels left.
You knew the following spells:

 Your Spells              Type           Power        Failure   Level  Hunger
a - Summon Small Mammal   Summ           ####         0%          1    None
b - Call Imp              Summ           ######....   0%          2    None
c - Call Canine Familiar  Summ           ######....   0%          3    None
d - Summon Ice Beast      Ice/Summ       #####.....   1%          4    None
e - Summon Scorpions      Summ/Pois      #####.....   1%          4    None
f - Abjuration            Summ           ######....   0%          3    None
g - Conjure Flame         Conj/Fire      ####....     2%          3    None
h - Sticky Flame          Conj/Fire      ####....     10%         4    None
i - Throw Flame           Conj/Fire      ####..       1%          2    None
j - Summon Horrible Thin  Summ           ######....   14%         8    #######
k - Demonic Horde         Summ           ######....   1%          6    #####..


Dungeon Overview and Level Annotations

Branches:
Dungeon (1/1)

Altars:
Ashenzari
Cheibriados
Dithmenos
Elyvilon
Fedhas
Kikubaaqudgha
Makhleb
Nemelex Xobeh
Okawaru
Sif Muna
Trog
Vehumet
Xom
Yredelemnul
Zin
The Shining One

Shops:
D ?([[


Message History

The hill giant is lightly wounded.
Your tentacled monstrosity tentacle-slaps the hill giant!
Your tentacled monstrosity tentacle-slaps the hill giant.
Your tentacled monstrosity grabs the hill giant.
Your tentacled monstrosity constricts the hill giant!
The hill giant hits your tentacled monstrosity with a giant club!
An ice dragon comes into view.
Attack whom?
Press: ? - help, Dir - move target cursor, f/p - hill giant
Aim: a hill giant, wielding a giant club (heavily wounded, constricted by a tentacled monstrosity)
You could not reach far enough!
Your tentacled monstrosity tentacle-slaps the hill giant!
Your tentacled monstrosity tentacle-slaps the hill giant.
Your tentacled monstrosity constricts the hill giant.
The hill giant dies!
Your Fire Magic skill increases to level 6!
The stone giant throws a large rock.
The large rock crashes through your tentacled monstrosity.
The large rock crashes through you!
You die...

▓_▓.▓.▓.▓[▓.▓[▓
▓_▓.▓.▓.▓.▓.▓[▓
▓_▓.▓.▓.▓[▓.▓[▓
▓_▓.▓.▓.▓.▓.▓[▓
▓_▓.▓?▓.▓)▓.▓[▓
▓_▓.▓.▓.▓.▓.▓[▓
▓_▓.▓'▓.▓.▓.▓X▓
▓_▓.▓.▓.▓)▓.▓X▓
▓_▓.▓.▓.▓)▓.▓@▓
▓_▓.▓.▓.▓.▓X▓X▓
▓_▓.▓.▓.▓.▓.▓)▓
▓_▓.▓.▓.▓X▓.▓.▓
▓_▓.▓.▓.▓.▓.▓.▓
▓_▓.▓.▓.▓.▓.▓.▓
▓'▓.▓.▓.▓.▓.▓C▓
▓%▓.▓.▓.▓'▓.▓.▓
▓.▓.▓'▓)▓X▓.▓D▓


You could see an ice dragon, a stone giant, a friendly tentacled monstrosity and
2 friendly large abominations.

Vanquished Creatures
  An orc high priest (D)
  An orc knight (D)
  An orange demon (D)
  Sonja (D)
  A wraith (D)
  A yak (D)
  8 orc warriors (D)
  An agate snail (D)
  An orc priest (D)
  An orc wizard (D)
  2 scorpions (D)
  An orc zombie (D)
  3 orcs (D)
  A quokka (D)
  2 rats (D)
26 creatures vanquished.

Vanquished Creatures (collateral kills)
  Erica (D)
  4 orc high priests (D)
  A centaur warrior (D)
  A hill giant (D)
  An orc sorcerer (D)
  A black mamba (D)
  Psyche (D)
  A troll (D)
  3 komodo dragons (D)
  4 polar bears (D)
  A slime creature (D)
  A two-headed ogre (D)
  A grizzly bear (D)
  An ugly thing (D)
  An elephant slug (D)
  A porcupine (D)
  A wolf (D)
  3 black bears (D)
  8 orc warriors (D)
  A crocodile (D)
  A water moccasin (D)
  A giant slug (D)
  A giant frog (D)
  3 jellies (D)
  A crimson imp (D)
  8 orc priests (D)
  7 scorpions (D)
  3 orc wizards (D)
  An iguana (D)
  A sheep (D)
  2 adders (D)
  2 worms (D)
  A giant gecko (D)
  An ooze (D)
  3 orcs (D)
  A bat (D)
  2 hobgoblins (D)
  A jackal (D)
  A quokka (D)
  A goblin (D)
  A hobgoblin zombie (D)
  A jackal skeleton (D)
  2 kobolds (D)
  3 orc zombies (D)
  A rat (D)
87 creatures vanquished.

Vanquished Creatures (others)
  17 large abominations (D)
  A wolf (D)
  70 ice beasts (D)
  6 crimson imps (D)
  2 iron imps (D)
  2 hounds (D)
  An orc wizard (D)
  105 scorpions (D)
  3 shadow imps (D)
  2 white imps (D)
  2 grey rats (D)
  3 bats (D)
  5 quokkas (D)
  3 rats (D)
222 creatures vanquished.

Grand Total: 335 creatures vanquished

Notes
Turn   | Place    | Note
--------------------------------------------------------------
     0 | D        | BluebellGnoll, the Deep Elf Summoner, began the quest for the Orb.
     0 | D        | Reached XP level 1. HP: 10/10 MP: 5/5
    70 | D        | Reached skill level 5 in Spellcasting
   134 | D        | Noticed a jelly
   163 | D        | Reached skill level 6 in Spellcasting
   163 | D        | Reached XP level 2. HP: 15/15 MP: 6/12
   168 | D        | Learned a level 2 spell: Call Imp
   228 | D        | Killed a jelly
   228 | D        | Reached skill level 8 in Spellcasting
   228 | D        | Reached XP level 3. HP: 19/19 MP: 3/18
   234 | D        | Learned a level 3 spell: Call Canine Familiar
   237 | D        | Killed a jelly
   237 | D        | Reached skill level 9 in Spellcasting
   262 | D        | Killed a jelly
   262 | D        | Reached skill level 10 in Spellcasting
   262 | D        | Reached XP level 4. HP: 24/24 MP: 0/23
   285 | D        | Learned a level 4 spell: Summon Ice Beast
   290 | D        | Learned a level 4 spell: Summon Scorpions
   290 | D        | Found a white marble altar of Elyvilon.
   290 | D        | Found a bloodstained altar of Trog.
   290 | D        | Found a radiant altar of Vehumet.
   290 | D        | Found an iron altar of Okawaru.
   290 | D        | Found an ancient bone altar of Kikubaaqudgha.
   290 | D        | Found a snail-covered altar of Cheibriados.
   290 | D        | Found a blossoming altar of Fedhas.
   291 | D        | Found a shimmering altar of Xom.
   292 | D        | Found a deep blue altar of Sif Muna.
   293 | D        | Found a sparkling altar of Nemelex Xobeh.
   294 | D        | Found a glowing golden altar of the Shining One.
   295 | D        | Found a shadowy altar of Dithmenos.
   296 | D        | Found a glowing silver altar of Zin.
   297 | D        | Found a burning altar of Makhleb.
   298 | D        | Found a basalt altar of Yredelemnul.
   299 | D        | Found a shattered altar of Ashenzari.
   300 | D        | Found a glowing golden altar of the Shining One.
   301 | D        | Found an ancient bone altar of Kikubaaqudgha.
   303 | D        | Became a worshipper of Sif Muna the Loreminder
   429 | D        | Noticed an orc warrior
   486 | D        | Killed an orc warrior
   486 | D        | Acquired Sif Muna's first power
   486 | D        | Reached XP level 5. HP: 28/28 MP: 1/25
   771 | D        | Noticed an orc wizard
   771 | D        | Noticed a wraith
   771 | D        | Noticed a komodo dragon
   771 | D        | Noticed a slime creature
   771 | D        | Noticed an orc warrior
   777 | D        | Killed an orc wizard
   777 | D        | Acquired Sif Muna's second power
   804 | D        | Killed a wraith
   804 | D        | Reached skill level 11 in Summonings
   804 | D        | Reached XP level 6. HP: 32/32 MP: 15/27
   811 | D        | Killed a komodo dragon
   811 | D        | Acquired Sif Muna's third power
   811 | D        | Reached skill level 13 in Spellcasting
   831 | D        | Killed a slime creature
   831 | D        | Reached skill level 14 in Spellcasting
   831 | D        | Reached XP level 7. HP: 27/36 MP: 10/31
   864 | D        | Killed an orc warrior
  1041 | D        | Noticed an agate snail
  1041 | D        | Noticed a water moccasin
  1041 | D        | Noticed a yak
  1041 | D        | Noticed an iguana
  1081 | D        | Killed an agate snail
  1081 | D        | Reached skill level 15 in Spellcasting
  1084 | D        | Killed a water moccasin
  1089 | D        | Noticed a komodo dragon
  1103 | D        | Killed a yak
  1103 | D        | Received a gift from Sif Muna
  1103 | D        | Reached skill level 16 in Spellcasting
  1104 | D        | Identified Coafijely's Almanac of the Creative Volcanoes (Sif Muna gifted it to you in the Dungeon)
  1112 | D        | Killed an iguana
  1160 | D        | Killed a komodo dragon
  1160 | D        | Reached skill level 17 in Spellcasting
  1206 | D        | Learned a level 3 spell: Abjuration
  1262 | D        | Noticed a crocodile
  1262 | D        | Noticed a porcupine
  1262 | D        | Noticed a giant frog
  1262 | D        | Noticed a komodo dragon
  1262 | D        | Noticed a giant slug
  1262 | D        | Noticed a black mamba
  1263 | D        | Noticed a wolf
  1276 | D        | Killed a crocodile
  1279 | D        | Killed a porcupine
  1279 | D        | Reached XP level 8. HP: 41/41 MP: 22/34
  1288 | D        | Killed a giant frog
  1288 | D        | Reached skill level 5 in Dodging
  1312 | D        | Killed a komodo dragon
  1321 | D        | Noticed an elephant slug
  1434 | D        | Killed a giant slug
  1466 | D        | Killed a black mamba
  1469 | D        | Killed a wolf
  1485 | D        | Killed an elephant slug
  1527 | D        | Noticed a grizzly bear
  1527 | D        | Noticed a black bear
  1527 | D        | Noticed a polar bear
  1527 | D        | Noticed a polar bear
  1527 | D        | Noticed a black bear
  1527 | D        | Noticed a black bear
  1527 | D        | Noticed a polar bear
  1535 | D        | Killed a grizzly bear
  1535 | D        | Reached skill level 18 in Spellcasting
  1543 | D        | Noticed a polar bear
  1574 | D        | Killed a polar bear
  1623 | D        | Killed a polar bear
  1918 | D        | Killed a black bear
  1918 | D        | Received a gift from Sif Muna
  1919 | D        | Identified Sif Muna's Advanced Thaumaturgy (Sif Muna gifted it to you in the Dungeon)
  1933 | D        | Killed a black bear
  1933 | D        | Reached skill level 5 in Stealth
  1973 | D        | Killed a polar bear
  1973 | D        | Reached skill level 19 in Spellcasting
  1973 | D        | Reached XP level 9. HP: 45/45 MP: 30/36
  2038 | D        | Killed a black bear
  2041 | D        | Killed a polar bear
  2306 | D        | Noticed Sonja
  2460 | D        | Noticed an orc warrior
  2460 | D        | Noticed an orc wizard
  2460 | D        | Noticed an orc knight
  2466 | D        | Noticed an orc wizard
  2477 | D        | Killed an orc wizard
  2478 | D        | Killed an orc warrior
  2485 | D        | Noticed an orc wizard
  2496 | D        | Killed an orc knight
  2496 | D        | Received a gift from Sif Muna
  2497 | D        | Identified Lunwedaf's Catalogue of Scorching Arcane Weapons (Sif Muna gifted it to you in the Dungeon)
  2506 | D        | Killed an orc wizard
  2511 | D        | Killed an orc wizard
  2529 | D        | Noticed an orc priest
  2550 | D        | Killed an orc priest
  2551 | D        | Noticed an orc wizard
  2553 | D        | Killed an orc wizard
  2590 | D        | Learned a level 3 spell: Conjure Flame
  2595 | D        | Learned a level 4 spell: Sticky Flame
  2598 | D        | Learned a level 2 spell: Throw Flame
  2609 | D        | Noticed an orc warrior
  2609 | D        | Noticed an orc warrior
  2609 | D        | Noticed an orc warrior
  2609 | D        | Noticed an orc warrior
  2609 | D        | Noticed an orc warrior
  2609 | D        | Noticed an orc warrior
  2609 | D        | Noticed an orc warrior
  2613 | D        | Killed an orc warrior
  2616 | D        | Noticed an orc warrior
  2622 | D        | Killed an orc warrior
  2627 | D        | Killed an orc warrior
  2628 | D        | Noticed an orc sorcerer
  2630 | D        | Noticed an orc warrior
  2630 | D        | Killed an orc warrior
  2633 | D        | Noticed an ice devil
  2661 | D        | Killed an orc warrior
  2948 | D        | Killed an orc warrior
  2984 | D        | Killed an orc sorcerer
  3159 | D        | Killed an orc warrior
  3176 | D        | Killed an orc warrior
  3176 | D        | Reached skill level 15 in Summonings
  3234 | D        | Killed an orc warrior
  3243 | D        | Noticed an orc warrior
  3244 | D        | Noticed an orc warrior
  3252 | D        | Killed an orc warrior
  3257 | D        | Killed an orc warrior
  3257 | D        | Reached XP level 10. HP: 50/50 MP: 19/37
  3286 | D        | Found Treaqeec's Magic Scroll Emporium.
  3286 | D        | Noticed an orc priest
  3286 | D        | Noticed an orc high priest
  3286 | D        | Noticed an orc high priest
  3286 | D        | Noticed an orc high priest
  3286 | D        | Noticed an orc high priest
  3286 | D        | Noticed an orc priest
  3289 | D        | Noticed an orc priest
  3289 | D        | Killed an orc priest
  3290 | D        | Killed an orc high priest
  3290 | D        | Received a gift from Sif Muna
  3291 | D        | Identified Sif Muna's Guide on Companions (Sif Muna gifted it to you in the Dungeon)
  3306 | D        | Noticed a soul eater
  3524 | D        | Noticed a sixfirhy
  3656 | D        | Killed Sonja
  3804 | D        | Learned a level 8 spell: Summon Horrible Things
  3809 | D        | Noticed a sixfirhy
  3827 | D        | Killed an orc high priest
  4269 | D        | Killed an orc high priest
  4269 | D        | Received a gift from Sif Muna
  4270 | D        | Identified Sif Muna's Collected Works on Summoning (Sif Muna gifted it to you in the Dungeon)
  4495 | D        | Noticed a sun demon
  4569 | D        | Killed an orc high priest
  4736 | D        | Killed an orc priest
  4855 | D        | Killed an orc priest
  4899 | D        | Noticed an orc priest
  4902 | D        | Found Pilocs' Antique Weapon Shoppe.
  4904 | D        | Killed an orc priest
  4913 | D        | Found Joerchye's Armour Emporium.
  4915 | D        | Found Magim's Armour Shoppe.
  4916 | D        | Noticed an orc priest
  4919 | D        | Noticed an orc priest
  4926 | D        | Noticed an orc high priest
  4931 | D        | Killed an orc priest
  4940 | D        | Killed an orc priest
  4947 | D        | Killed an orc high priest
  4947 | D        | Reached skill level 5 in Fire Magic
  4948 | D        | Noticed an orc priest
  4948 | D        | Killed an orc priest
  4954 | D        | Noticed an orc priest
  4959 | D        | Killed an orc priest
  4980 | D        | Bought a scroll of fear for 49 gold pieces
  4980 | D        | Bought a scroll of fog for 28 gold pieces
  4980 | D        | Bought a scroll of identify for 28 gold pieces
  4993 | D        | Bought a +3 leather armour of fire resistance for 469 gold pieces
  5014 | D        | Learned a level 6 spell: Demonic Horde
  5025 | D        | Noticed Erica
  5033 | D        | Killed Erica
  5081 | D        | Noticed Psyche
  5085 | D        | Killed Psyche
  5159 | D        | Got the +7,+6 quarterstaff "Much" {crush, rF+ Int-3}
  5273 | D        | Noticed a crimson imp
  5273 | D        | Noticed a centaur warrior
  5273 | D        | Noticed an orc warrior
  5273 | D        | Noticed an orc warrior
  5273 | D        | Noticed a cyan ugly thing
  5273 | D        | Noticed a troll
  5281 | D        | Killed a crimson imp
  5297 | D        | Killed a centaur warrior
  5300 | D        | Killed an orc warrior
  5300 | D        | Received a gift from Sif Muna
  5302 | D        | Killed an orc warrior
  5304 | D        | Identified Sif Muna's Papyrus of Summoning (Sif Muna gifted it to you in the Dungeon)
  5305 | D        | Killed a cyan ugly thing
  5305 | D        | Reached skill level 20 in Spellcasting
  5308 | D        | Killed a troll
  5313 | D        | Noticed a two-headed ogre
  5321 | D        | Killed a two-headed ogre
  5325 | D        | Noticed a hill giant
  5332 | D        | Noticed a stone giant
  5333 | D        | Noticed an ice dragon
  5333 | D        | Killed a hill giant
  5333 | D        | Hit by a large rock thrown by a stone giant

Action                   |  1- 3 |  4- 6 |  7- 9 | 10-12 || total
-------------------------+-------+-------+-------+-------++-------
Melee: Unarmed           |     2 |       |       |       ||     2
       Dagger            |     1 |       |       |       ||     1
       Halberd           |       |    24 |   145 |    19 ||   188
 Cast: Summon Small Mamm |    15 |       |       |       ||    15
       Call Imp          |    10 |     7 |       |       ||    17
       Call Canine Famil |       |     6 |       |       ||     6
       Summon Ice Beast  |       |     8 |    61 |    20 ||    89
       Summon Scorpions  |       |     1 |    41 |    20 ||    62
       Sticky Flame      |       |       |     9 |     1 ||    10
       Abjuration        |       |       |     1 |     8 ||     9
       Throw Flame       |       |       |     1 |     3 ||     4
       Summon Horrible T |       |       |       |    15 ||    15
       Demonic Horde     |       |       |       |     1 ||     1
Invok: Channel Energy    |       |       |    38 |    62 ||   100
Evoke: Wand              |       |       |     2 |     5 ||     7
  Use: Potion            |       |     1 |     2 |     3 ||     6
       Scroll            |       |       |     3 |     1 ||     4
 Stab: Distracted        |       |     1 |     3 |     1 ||     5
       Sleeping          |       |       |     1 |       ||     1
